 Dungeon Crawl Stone Soup version 0.21-a0-344-g2144152 (webtiles) character file.

341 Amnesiac the Skirmisher (level 6, -5/53 HPs)
             Began as a Gnoll Monk on Oct 4, 2017.
             Slain by an ogre
             ... wielding a +0 giant club
              (13 damage)
             ... on level 4 of the Dungeon.
             The game lasted 00:03:14 (1246 turns).

Amnesiac the Skirmisher (Gnoll Monk)                Turns: 1246, Time: 00:03:15

Health: -5/53      AC:  2    Str: 15    XL:     6   Next: 56%
Magic:  9/9        EV: 17    Int: 13    God:
Gold:   98         SH:  0    Dex: 17    Spells: 9/9 levels left

rFire    . . .     SeeInvis .   a - +0 spear
rCold    . . .     Gourm    .   (no shield)
rNeg     . . .     Faith    .   b - +0 robe
rPois    .         Spirit   .   (no helmet)
rElec    .         Reflect  .   (no cloak)
rCorr    .         Harm     .   (no gloves)
MR       .....                  (no boots)
Stlth    +++.......             (no amulet)
HPRegen  0.17/turn              (no ring)
MPRegen  0.11/turn              (no ring)

@: no status effects
A: distributed training, fangs 1, strong nose
a: no special abilities


You were on level 4 of the Dungeon.
You were not hungry.

You visited 1 branch of the dungeon, and saw 5 of its levels.

You collected 98 gold pieces.

Inventory:

Hand Weapons
 a - a +0 spear (weapon)
 t - a +1 dagger of holy wrath
Armour
 b - a +0 robe (worn)
Jewellery
 l - an uncursed ring of magical power {unknown}
 r - an uncursed ring of protection from fire {unknown}
 v - an uncursed ring of stealth {unknown}
Wands
 A - a wand of confusion (23/48)
Scrolls
 e - 2 scrolls of remove curse {!r, unknown}
 f - a scroll of immolation {!r, unknown}
 h - 2 scrolls of magic mapping {!r, unknown}
 i - 2 scrolls of teleportation {!r, unknown}
 j - a scroll of fog {!r, unknown}
 m - a scroll of identify {!r, unknown}
 n - 2 scrolls of blinking {!r, unknown}
 u - a scroll of enchant weapon {!r, unknown}
 y - a scroll of recharging {!r, unknown}
 z - a scroll of amnesia {!r, unknown}
Potions
 k - 2 potions of flight {!q, unknown}
 o - a potion of agility {!q, unknown}
 p - a potion of magic {!q, unknown}
 s - a potion of degeneration {!q, unknown}
 w - a potion of resistance {!q, unknown}
 x - a potion of heal wounds {!q, unknown}
 B - a potion of curing {!q, unknown}
 C - a potion of berserk rage {!q, unknown}
Comestibles
 c - 3 bread rations
 d - 4 meat rations
 g - a royal jelly
 q - 2 chunks of flesh


   Skills:
 + Level 6.8 Fighting
 + Level 2.0 Short Blades
 + Level 2.0 Long Blades
 + Level 2.0 Axes
 + Level 2.0 Maces & Flails
 + Level 6.8 Polearms
 + Level 2.0 Staves
 + Level 2.0 Slings
 + Level 2.0 Bows
 + Level 2.0 Crossbows
 + Level 2.0 Throwing
 + Level 2.0 Armour
 + Level 6.8 Dodging
 + Level 4.6 Stealth
 + Level 2.0 Shields
 + Level 2.0 Unarmed Combat
 + Level 2.0 Spellcasting
 + Level 2.0 Conjurations
 + Level 2.0 Hexes
 + Level 2.0 Charms
 + Level 2.0 Summonings
 + Level 2.0 Necromancy
 + Level 2.0 Translocations
 + Level 2.0 Transmutations
 + Level 2.0 Fire Magic
 + Level 2.0 Ice Magic
 + Level 2.0 Air Magic
 + Level 2.0 Earth Magic
 + Level 2.0 Poison Magic
 + Level 2.0 Invocations
 + Level 2.0 Evocations


You had 9 spell levels left.
You didn't know any spells.

Dungeon Overview and Level Annotations

Branches:
Dungeon (5/15)
 Temple: D:4-7

Altars:
Okawaru
Qazlal
Vehumet
Wu Jian
Xom


Innate Abilities, Weirdness & Mutations

Your experience applies equally to all skills.
You have very sharp teeth.
Your uncanny sense of smell can sniff out nearby items.


Message History

Your Hexes skill increases to level 2!
Your Charms skill increases to level 2!
Your Summonings skill increases to level 2!
Your Necromancy skill increases to level 2!
Your Translocations skill increases to level 2!
Your Transmutations skill increases to level 2!
Your Fire Magic skill increases to level 2!
Your Ice Magic skill increases to level 2!
Your Air Magic skill increases to level 2!
Your Earth Magic skill increases to level 2!
Your Poison Magic skill increases to level 2!
Your Invocations skill increases to level 2!
Your Evocations skill increases to level 2!
Unknown command.
Unknown command.
You see here a hound corpse.
You butcher the hound corpse.
q - 2 chunks of flesh You open the door.
There is an open door here.
An ogre comes into view. It is wielding a giant club.
The ogre shouts!
Wield which item (- for none, * to show all)? (? for menu, Esc to quit)
Your +1 dagger of holy wrath stops glowing.
a - a +0 spear (weapon)
There is an open door here.
You enter the shallow water.
Moving in this stuff is going to be slow.
Quiver which item? (- for none, * to show all) (? for menu, Esc to quit)
Okay, then.
Throwing (i - inventory):
D - 2 tomahawks (quivered)
Press: ? - help, Shift-Dir - straight line, f - ogre
Aim: an ogre, wielding a giant club You throw a tomahawk.
The tomahawk hits the ogre.
The ogre is lightly wounded.
Throwing (i - inventory):
D - a tomahawk (quivered)
Press: ? - help, Shift-Dir - straight line, f/p - ogre
Aim: an ogre, wielding a giant club (lightly wounded)
You throw a tomahawk. The tomahawk hits the ogre.
The ogre is lightly wounded.
You hear a splash.
You hit the ogre. You bite the ogre.
The ogre is moderately wounded.
You hit the ogre.
The ogre is moderately wounded.
The ogre misses you.
You barely miss the ogre. You bite the ogre, but do no damage.
The ogre is moderately wounded.
The ogre closely misses you.
You barely miss the ogre.
The ogre is moderately wounded.
You hit the ogre. You punch the ogre.
The ogre is severely wounded.
The ogre hits you with a giant club!!
You hit the ogre.
The ogre is severely wounded.
You hit the ogre.
The ogre is severely wounded.
The ogre hits you with a giant club!!
* * * LOW HITPOINT WARNING * * *
You hit the ogre. You bite the ogre, but do no damage.
The ogre is severely wounded.
The ogre hits you with a giant club!
You die...

#.#♣≈.P♣>............#
#.♣♣♣≈.♣......#.####..
### ♣≈P♣♣####.#.#.....
♣.♣♣ ##.#.......
♣♣≈P♣♣♣♣♣..........
##♣♣♣♣♣.≈.P♣♣≈♣#.........
#...≈.≈≈≈≈.≈≈≈....##...##
#.♣≈P♣♣≈.≈PP.♣♣...#.....#
#.♣♣♣♣♣♣@P♣♣♣♣♣#....._...
#.# ♣♣O♣♣ #..#.....#
#.###♣♣P(♣♣ #..##...##
#....♣♣♣≈.♣ #.........
###...♣♣(♣♣ #.##.....#
#..(...# .........
#......# #########
####'### #.#


You could see an ogre.

Vanquished Creatures
  Grinder (D:4)
  A hound (D:4)
  3 adders
  3 oozes
  A worm (D:2)
  2 dart slugs
  4 leopard geckos
  2 orcs
  2 ball pythons
  3 giant cockroaches
  2 hobgoblins
  2 jackals (D:3)
  2 bats (D:2)
  4 frilled lizards
  5 goblins
  4 kobolds
  7 rats
48 creatures vanquished.

Vanquished Creatures (others)
  4 toadstools (D:1)
4 creatures vanquished.

Grand Total: 52 creatures vanquished

Notes
Turn   | Place    | Note
-------+----------+-------------------------------------------
     0 | D:1      | Amnesiac the Gnoll Monk began the quest for the Orb.
     0 | D:1      | Reached XP level 1. HP: 23/23 MP: 1/1
    74 | D:1      | Reached XP level 2. HP: 29/29 MP: 2/2
   268 | D:1      | Reached XP level 3. HP: 29/35 MP: 3/3
   676 | D:2      | Found a radiant altar of Vehumet.
   816 | D:3      | Reached skill level 1 in Short Blades
   816 | D:3      | Reached skill level 1 in Long Blades
   816 | D:3      | Reached skill level 1 in Axes
   816 | D:3      | Reached skill level 1 in Maces & Flails
   816 | D:3      | Reached skill level 1 in Staves
   816 | D:3      | Reached skill level 1 in Slings
   816 | D:3      | Reached skill level 1 in Bows
   816 | D:3      | Reached skill level 1 in Crossbows
   816 | D:3      | Reached skill level 1 in Throwing
   816 | D:3      | Reached skill level 1 in Armour
   816 | D:3      | Reached skill level 1 in Shields
   816 | D:3      | Reached skill level 1 in Unarmed Combat
   816 | D:3      | Reached skill level 1 in Spellcasting
   816 | D:3      | Reached skill level 1 in Conjurations
   816 | D:3      | Reached skill level 1 in Hexes
   816 | D:3      | Reached skill level 1 in Charms
   816 | D:3      | Reached skill level 1 in Summonings
   816 | D:3      | Reached skill level 1 in Necromancy
   816 | D:3      | Reached skill level 1 in Translocations
   816 | D:3      | Reached skill level 1 in Transmutations
   816 | D:3      | Reached skill level 1 in Fire Magic
   816 | D:3      | Reached skill level 1 in Ice Magic
   816 | D:3      | Reached skill level 1 in Air Magic
   816 | D:3      | Reached skill level 1 in Earth Magic
   816 | D:3      | Reached skill level 1 in Poison Magic
   816 | D:3      | Reached skill level 1 in Invocations
   816 | D:3      | Reached skill level 1 in Evocations
   841 | D:3      | Reached XP level 4. HP: 40/41 MP: 5/5
   969 | D:3      | Found an ornate altar of the Wu Jian Council.
  1029 | D:2      | Found a stormy altar of Qazlal.
  1064 | D:4      | Noticed Grinder
  1065 | D:4      | Found a shimmering altar of Xom.
  1070 | D:4      | Killed Grinder
  1070 | D:4      | Reached XP level 5. HP: 47/47 MP: 5/7
  1070 | D:4      | Reached XP level 6. HP: 53/53 MP: 5/8
  1111 | D:4      | Found an iron altar of Okawaru.
  1181 | D:5      | Entered Level 5 of the Dungeon
  1246 | D:4      | Slain by an ogre

Vault maps used:
D:1:      ldierk_water_garden, minmay_misc_feat_five, minmay_nonomino_d4
D:2:      bloody_trog, old_standard_altar, nicolae_overflow_hidden_temple,
          first_bread, st_stairs_9
D:3:      old_standard_altar, lemuel_crystal_altar, hangedman_decor_slide_cut
D:4:      xom_teletrap_fun, serial_bayou, serial_bayou_crossing,
          serial_bayou_pond_a, serial_bayou_lake_a, serial_bayou_pond_d,
          st_stairs_11, okawaru_gym_becter, uniq_grinder
D:5:      kennysheep_diamond, due_unseen_surprise, uniq_ijyb,
          uniq_crazy_yiuf_cottage, uniq_pikel

Skill      XL: |  1  2  3  4  5  6 |
---------------+-------------------+-----
Short Blades   | 1 2 |  2.0
Long Blades    | 1 2 |  2.0
Axes           | 1 2 |  2.0
Maces & Flails | 1 2 |  2.0
Staves         | 1 2 |  2.0
Slings         | 1 2 |  2.0
Bows           | 1 2 |  2.0
Crossbows      | 1 2 |  2.0
Throwing       | 1 2 |  2.0
Armour         | 1 2 |  2.0
Shields        | 1 2 |  2.0
Unarmed Combat | 1 2 |  2.0
Spellcasting   | 1 2 |  2.0
Conjurations   | 1 2 |  2.0
Hexes          | 1 2 |  2.0
Charms         | 1 2 |  2.0
Summonings     | 1 2 |  2.0
Necromancy     | 1 2 |  2.0
Translocations | 1 2 |  2.0
Transmutations | 1 2 |  2.0
Fire Magic     | 1 2 |  2.0
Ice Magic      | 1 2 |  2.0
Air Magic      | 1 2 |  2.0
Earth Magic    | 1 2 |  2.0
Poison Magic   | 1 2 |  2.0
Invocations    | 1 2 |  2.0
Evocations     | 1 2 |  2.0
Fighting       | |  6.8
Polearms       | |  6.8
Dodging        | |  6.8
Stealth        | |  4.6

Action                   |  1- 3 |  4- 6 || total
-------------------------+-------+-------++-------
Melee: Spear             |   119 |    48 ||   167
       Bite              |    15 |     6 ||    21
       Dagger            |     1 |     9 ||    10
       Punch             |       |     1 ||     1
Throw: Tomahawk          |       |     2 ||     2
 Stab: Sleeping          |     7 |     5 ||    12
  Eat: Chunk             |       |     1 ||     1
Armor: Robe              |     6 |     2 ||     8
Dodge: Dodged            |    62 |    31 ||    93

Table legend:
 A = Spawn XP
 B = Non-spawn XP
 C = Spawn XP percentage of total XP
 D = Spawn monster count
 E = Non-spawn monster count
 F = Spawn count percentage of total count
 G = Total turns spent on level
                    A         B        C        D         E        F      G
               +---------+---------+-------+---------+---------+-------+---------
         Total |       0 |     488 |   0.0 |       0 |      48 |   0.0 |  1246
               +---------+---------+-------+---------+---------+-------+---------
           D:1 |       0 |      42 |   0.0 |       0 |      19 |   0.0 |   501
           D:2 |       0 |      30 |   0.0 |       0 |      12 |   0.0 |   295
           D:3 |       0 |      52 |   0.0 |       0 |      14 |   0.0 |   268
           D:4 |       0 |     364 |   0.0 |       0 |       3 |   0.0 |   172
               +---------+---------+-------+---------+---------+-------+---------
